 Dungeon Crawl Stone Soup version 0.31-a0-175-g9f7f995f2b (webtiles) character file.

Game seed: 11293462459279118669

78 qw the Shooter (level 4, -1/40 HPs)
             Began as a Naga Hunter on June 16, 2023.
             Slain by a gnoll
             ... wielding a +2 whip of venom
              (9 damage)
             ... on level 2 of the Dungeon.
             The game lasted 00:00:33 (1277 turns).

qw the Shooter (Naga Hunter)                        Turns: 1277, Time: 00:00:34

Health: -1/40      AC:  2    Str: 13    XL:     4   Next: 36%
Magic:  4/4        EV:  9    Int:  9    God:
Gold:   155        SH:  0    Dex: 17    Spells: 3/3 levels left

rFire   . . .        Y - +1 shortbow
rCold   . . .        (shield currently unavailable)
rNeg    . . .        c - +0 leather armour
rPois   +            (no helmet)
rElec   .            (no cloak)
rCorr   .            (no gloves)
SInv    +            (no barding)
Will    .....        e - amulet of faith
Stlth   ++           (no ring)
HPRegen 0.26/turn    (no ring)
MPRegen 0.09/turn

%: faith
@: lethally poisoned (-1 -> -5), short of breath, very slow
A: AC +1, large, see invisible, deformed body, poison resistance, slowness 2,
spit poison 1, naga tail 1
a: Spit Poison


You were on level 2 of the Dungeon.
You visited 1 branch of the dungeon, and saw 2 of its levels.

You collected 155 gold pieces.


Innate Abilities, Weirdness & Mutations

Your serpentine skin is tough. (AC +1)
You have supernaturally acute eyesight. (SInv)
Armour fits poorly on your strangely shaped body.
Your system is resistant to poisons. (rPois)
You cover ground very slowly.
You can spit poison.
You have a snake-like lower body.


   Skills:
 + Level 2.5 Fighting
 - Level 5.0 Ranged Weapons
 - Level 1.5 Dodging
 - Level 1.5 Stealth


You had 3 spell levels left.
You didn't know any spells.
Your spell library was empty.

Inventory:

Hand Weapons
 Y - a +1 shortbow (weapon)
Armour
 c - a +0 leather armour (worn)
Jewellery
 e - an amulet of faith (around neck)
Scrolls
 a - 4 scrolls of identify
 b - a scroll of fear {unknown}
Potions
 d - a potion of curing {unknown}
 f - 2 potions of invisibility {unknown}
 g - a potion of mutation {unknown}

Dungeon Overview and Level Annotations

Branches:
Dungeon (2/15)

Altars:


Message History

Enter note:
Enter note: You shoot an arrow.
The arrow hits the gnoll but does no damage.
1269 ||| INVOKING Spit Poison.
Aiming: Spit Poison (1% risk of failure)
Press: ? - help, Shift-Dir - straight line, f/p - gnoll The splash of poison hits the gnoll but does no damage.
The gnoll is poisoned.
You shoot an arrow. The arrow hits the gnoll.
The gnoll is lightly wounded.
You shoot an arrow. The arrow barely misses the gnoll.
You have got your breath back.
1272 ||| INVOKING Spit Poison.
Aiming: Spit Poison (1% risk of failure)
Press: ? - help, Shift-Dir - straight line, f/p - gnoll The splash of poison misses the gnoll.
The gnoll hits you with a +2 whip of venom.
You shoot an arrow. The arrow closely misses the gnoll.
The gnoll hits you with a +2 whip of venom!
You are poisoned.
You shoot an arrow. The arrow barely misses the gnoll.
You feel very sick. The gnoll barely misses you.
You shoot an arrow. The arrow closely misses the gnoll.
You feel very sick.
The gnoll looks more healthy.
The gnoll hits you with a +2 whip of venom!
The gnoll closely misses you.
You shoot an arrow. The arrow hits the gnoll.
The gnoll is severely wounded.
You have got your breath back.
You feel sick. The gnoll completely misses you.
1277 ||| INVOKING Spit Poison.
Aiming: Spit Poison (1% risk of failure)
Press: ? - help, Shift-Dir - straight line, f/p - gnoll The splash of poison misses the gnoll.
You feel sick.
The gnoll hits you with a +2 whip of venom!
You die...

######
#......#
#......#
#......#
#......#
######
#......###
.....#
#....)...#
..##.#
#.....##.#
..####
#######7.7
#..#.# 7@7
.....#
7)g.7
..#..##
7...7
.###..#
..... ##
##.#
7.7..)7
.###..#
....7..
..#..##
)....(...
....##
7.###+###.7
#..## #####


You could see a gnoll.

Vanquished Creatures
  2 adders (D:2)
  2 dart slugs (D:1)
  11 ball pythons
  6 endoplasms
  2 giant cockroaches
  5 goblins (D:1)
  8 hobgoblins
  4 quokkas
  2 bats (D:1)
  A frilled lizard (D:2)
  3 kobolds (D:1)
  3 rats (D:1)
49 creatures vanquished.

Notes
Turn   | Place    | Note
-------+----------+-------------------------------------------
     0 | D:1      | qw the Naga Hunter began the quest for the Orb.
     0 | D:1      | Reached XP level 1. HP: 19/19 MP: 1/1
     0 | D:1      | 0 ||| qw: Version: 0.2-a-29-g511e9b1
     0 | D:1      | 0 ||| qw: Game counter: 5921
     0 | D:1      | 0 ||| qw: Always use a shield: true
     0 | D:1      | 0 ||| qw: God list: Okawaru
     0 | D:1      | 0 ||| qw: Allow faded altars: false
     0 | D:1      | 0 ||| qw: Do Orc after D:15 true
     0 | D:1      | 0 ||| qw: Do second Lair branch before Depths: true
     0 | D:1      | 0 ||| qw: Lair rune preference: random
     0 | D:1      | 0 ||| qw: Plans: Normal
     0 | D:1      | 0 ||| PLANNING D:1-11
    49 | D:1      | 49 ||| INVOKING Spit Poison.
    82 | D:1      | 82 ||| INVOKING Spit Poison.
    88 | D:1      | 88 ||| INVOKING Spit Poison.
   107 | D:1      | 107 ||| INVOKING Spit Poison.
   123 | D:1      | 123 ||| INVOKING Spit Poison.
   124 | D:1      | Reached skill level 4 in Ranged Weapons
   124 | D:1      | Reached XP level 2. HP: 26/26 MP: 2/2
   129 | D:1      | 129 ||| INVOKING Spit Poison.
   130 | D:1      | 130 ||| INVOKING Spit Poison.
   131 | D:1      | 131 ||| INVOKING Spit Poison.
   134 | D:1      | 134 ||| INVOKING Spit Poison.
   138 | D:1      | 138 ||| INVOKING Spit Poison.
   143 | D:1      | 143 ||| INVOKING Spit Poison.
   146 | D:1      | 146 ||| INVOKING Spit Poison.
   149 | D:1      | 149 ||| INVOKING Spit Poison.
   152 | D:1      | 152 ||| INVOKING Spit Poison.
   160 | D:1      | 160 ||| INVOKING Spit Poison.
   164 | D:1      | 164 ||| INVOKING Spit Poison.
   190 | D:1      | 190 ||| INVOKING Spit Poison.
   195 | D:1      | 195 ||| INVOKING Spit Poison.
   214 | D:1      | 214 ||| INVOKING Spit Poison.
   240 | D:1      | Reached XP level 3. HP: 32/32 MP: 3/3
   321 | D:1      | 321 ||| INVOKING Spit Poison.
   356 | D:1      | 356 ||| INVOKING Spit Poison.
   359 | D:1      | 359 ||| INVOKING Spit Poison.
   374 | D:1      | 374 ||| INVOKING Spit Poison.
   458 | D:1      | 458 ||| INVOKING Spit Poison.
   459 | D:1      | 459 ||| FLEEEEING.
   460 | D:1      | 460 ||| FLEEEEING.
   593 | D:1      | 593 ||| UPGRADING to amulet of faith.
   598 | D:1      | 598 ||| READING 3 scrolls labelled UTOERAPH TETEERUPS.
   599 | D:1      | 599 ||| READING scroll labelled ANIENI YB LOC.
   600 | D:1      | 600 ||| DROPPING scroll of butterflies.
   630 | D:2      | 630 ||| INVOKING Spit Poison.
   703 | D:2      | Found a faded altar of an unknown god.
   704 | D:2      | 704 ||| INVOKING Spit Poison.
   710 | D:2      | 710 ||| INVOKING Spit Poison.
   721 | D:2      | 721 ||| INVOKING Spit Poison.
   724 | D:2      | 724 ||| INVOKING Spit Poison.
   731 | D:2      | 731 ||| INVOKING Spit Poison.
   732 | D:2      | Reached skill level 5 in Ranged Weapons
   732 | D:2      | Reached XP level 4. HP: 28/39 MP: 4/4
   782 | D:2      | 782 ||| INVOKING Spit Poison.
   819 | D:2      | 819 ||| INVOKING Spit Poison.
   845 | D:2      | 845 ||| INVOKING Spit Poison.
   848 | D:2      | 848 ||| INVOKING Spit Poison.
   860 | D:2      | 860 ||| INVOKING Spit Poison.
   972 | D:2      | 972 ||| INVOKING Spit Poison.
   976 | D:2      | 976 ||| INVOKING Spit Poison.
  1269 | D:2      | 1269 ||| INVOKING Spit Poison.
  1272 | D:2      | 1272 ||| INVOKING Spit Poison.
  1275 | D:2      | HP: 10/40 [gnoll/+2 whip of venom (7)]
  1277 | D:2      | 1277 ||| INVOKING Spit Poison.
  1277 | D:2      | Slain by a gnoll

Levels and vault maps discovered:
D:1:      eino_arrival_cavern_e, layout_rooms, serial_glass, glass_columns_c,
          glass_columns_b, palyth_stone_intersect, st_stairs_4
D:2:      layout_basic, nicolae_ecumenical_snake_handling,
          pf_guarded_unrand_woodcutter

Skill      XL: |  1  2  3 |
---------------+----------+-----
Ranged Weapons | 4 5 |  5.0
Fighting       | |  2.5
Dodging        | |  1.5
Stealth        | |  1.5

Action                     |  1- 3 |  4- 6 || total
---------------------------+-------+-------++-------
   Fire: Shortbow          |    65 |    31 ||    96
Ability: Spit Poison       |    28 |    10 ||    38
    Use: Scroll            |     2 |       ||     2
 Armour: Leather armour    |     2 |     1 ||     3
  Dodge: Dodged            |    22 |    12 ||    34

Table legend:
 A = Non-vault XP
 B = Vault XP
 C = Vault XP percentage of total XP
 D = Non-vault monster count
 E = Vault monster count
 F = Vault count percentage of total count
                 A         B        C        D         E       F
            +---------+---------+-------+---------+---------+-------
      Total |     103 |       9 |   8.0 |      43 |       6 |  12.2
            +---------+---------+-------+---------+---------+-------
        D:1 |      56 |       2 |   3.4 |      30 |       2 |   6.2
        D:2 |      47 |       7 |  13.0 |      13 |       4 |  23.5
            +---------+---------+-------+---------+---------+-------
